Unix NetHack Version 5.0.0-0 post-release - last build May 31 2026 13:37:37 (4f47d67043fb8e84071ad9bc9740482a2de5bd5e,branch:main).

Game began 2026-05-31 16:02:24, ended 2026-05-31 17:05:02.

Eymerich, chaotic male elven Priest

                                             --.--
                                             |...|                 ----------
                                             |l..|                 |....[^<.|
                                             |...|                 |........|
                                            #.....#                |(.......|
                                            #--.--#                ------|---
                                  ###########     #                      #
                                  #               ##                     #
                                  #                #                ######
              ---------           #                ##               #
              ........|           #                 #    -----------|--
              |.......|           #####             #####-............|
              |.......|#          #   ##                 |............|
              |........############    #                 |............|
              |.......|#    ########  ##r'@#             --------------
              ---------                #   +

Eymerich the Acolyte         St:14 Dx:11 Co:13 In:12 Wi:20 Ch:7  Chaotic
Dlvl:5  $:0  HP:0(39) Pw:75(75) AC:6  Xp:5 T:3452 

Latest messages:
 The thonged club misses the sewer rat.
 The thonged club returns to your hand!
 The sewer rat bites!
 What do you want to throw? [hjtABDLU or ?*]
 In what direction?
 The thonged club misses the sewer rat.
 The thonged club returns to your hand!
 The sewer rat bites!
 What do you want to throw? [hjtABDLU or ?*]
 In what direction?
 You kill the sewer rat!
 The thonged club returns to your hand!
 The straw golem misses!
 The straw golem hits!
 You hit the straw golem.
 The straw golem hits!
 The straw golem hits again!
 You hit the straw golem.
 The straw golem just misses!
 The straw golem hits!
 What do you want to throw? [hjtABDLU or ?*]
 In what direction?
 The thonged club hits the straw golem.
 The thonged club returns to your hand!
 The straw golem hits!
 The straw golem hits again!
 The straw golem hits!
 The straw golem hits again!
 The straw golem hits!
 The straw golem hits again!
 The straw golem hits!
 The straw golem hits again!
 What do you want to drink? [dkosv or ?*]
 You feel quite proud of yourself.
 The straw golem hits!
 The straw golem hits again!
 In what direction?
 The throwing star hits the straw golem.
 The straw golem hits!
 The straw golem hits again!
 In what direction?
 The throwing star hits the straw golem.
 The straw golem hits!
 The straw golem hits again!
 You hit the straw golem.
 The straw golem hits!
 The straw golem hits again!
 You die...
 Do you want your possessions identified? [ynq] (y)
 Do you want to see your attributes? [ynq] (y)

Inventory:
 Weapons  (')')
  U - 16 blessed +2 arrows named high
  L - 48 +0 arrows named standard
  A - a +0 bow (alternate weapon; not wielded)
  h - a greased +0 sling
  B - 5 +0 darts
  j - a +0 orcish dagger
  t - a +0 aklys (tethered to right hand)
 Armor    ('[')
  X - a +0 dwarvish iron helm (being worn)
  E - a +0 pair of iron shoes (being worn)
  b - a +0 robe
 Comestibles  ('%')
  e - a clove of garlic
  y - a food ration
  x - a fortune cookie
  f - a sprig of wolfsbane
  u - a lichen corpse
 Scrolls  ('?')
  l - a scroll of gold detection
  m - a blessed scroll of remove curse
 Potions  ('!')
  v - a potion of confusion
  k - a potion of see invisible
  o - a blessed potion of sleeping
  d - 3 potions of holy water
  s - a potion of unholy water
 Wands    ('/')
  P - a wand of polymorph (0:1)
  T - a wand of speed monster (0:7)
  S - a wand of speed monster (0:4)
 Tools    ('(')
  Q - a blessed bag of holding containing 5 items
  z - a cursed oil lamp
  q - a towel
 Gems/Stones  ('*')
  w - a worthless piece of blue glass named junk
  i - 3 flint stones
  G - a touchstone named touchstone

Contents of the bag of holding:
  386 gold pieces
  6 food rations
  a spellbook of wizard lock
  a +0 pick-axe
  a tinning kit (0:63)

Eymerich the Priest's attributes:

Background:
 You were an Acolyte, a level 5 elven Priest.
 You were chaotic, on a mission for Offler
 who was opposed by Blind Io (lawful) and The Lady (neutral).
 You were right-handed.
 You were in the Dungeons of Doom, on level 5.
 You entered the dungeon 3452 turns ago.
 There was a full moon in effect when your adventure ended.
 You had 316 experience points, 4 more were needed to attain level 6.

Basics:
 You had 0 out of 39 hit points.
 You had all 75 energy points (spell power).
 Your armor class was 6.
 Your wallet was empty, but
 you had 386 zorkmids stashed away in your pack.
 Autopickup was off.

Final Characteristics:
 Your strength was 14 (limit:18).
 Your dexterity was 11 (limit:18).
 Your constitution was 13 (limit:16).
 Your intelligence was 12 (limit:20).
 Your wisdom was 20 (limit:20).
 Your charisma was 7 (limit:18).

Final Status:
 You weren't hungry.
 You were unencumbered.
 You were wielding a club.
 You had basic skill with club.

Final Attributes:
 You were piously aligned.
 You were sleep resistant.
 You were telepathic.
 You had infravision.
 You were lucky.
 You are dead.

Miscellaneous:
 You encountered 1 bones level.
 Total elapsed playing time was 1 hour, 2 minutes and 37 seconds.

Major events:
 Turn
    1: Eymerich the chaotic elven Priest entered the dungeon
 1000: entered the Gnomish Mines
 1010: attained the rank of Acolyte (level 3)
 3452: killed by a straw golem

Spells:
 Name                 Level Category     Fail Retention
 light                  1   clerical      21%   81%-90%
 detect food            2   divination    74%  76%-100%

Skills:
 Fighting Skills
   bare handed combat [Unskilled]
 Weapon Skills
   club               [Basic]
   mace               [Basic]
   morning star       [Unskilled]
   flail              [Unskilled]
   hammer             [Unskilled]
   quarterstaff       [Unskilled]
   polearms           [Unskilled]
   spear              [Unskilled]
   trident            [Unskilled]
   lance              [Unskilled]
   bow                [Unskilled]
   sling              [Unskilled]
   crossbow           [Unskilled]
   dart               [Unskilled]
   shuriken           [Unskilled]
   boomerang          [Unskilled]
   unicorn horn       [Unskilled]
 Spellcasting Skills
   healing spells     [Unskilled]
   divination spells  [Unskilled]
   clerical spells    [Basic]

Voluntary challenges:
 Character rerolling was not enabled.
 You never genocided any monsters.
 You never polymorphed an object.
 You never changed form.
 You used no wishes.
Achievements:
 You entered a shop.
 You entered the Gnomish Mines.
 You attained the rank of Acolyte.

 The Dungeons of Doom: levels 1 to 5
    Level 1:
       An altar.
    Level 2: "2 x locked box"
       A general store, some altars.
       Stairs down to The Gnomish Mines.
    Level 3: "vault, locked box"
       Many altars, a grave.
    Level 4:
       A fountain.
    Level 5: <- You were here.
       Final resting place for
          you, killed by a straw golem,
          DiePARTEI-Tou-Hum-Mal-Neu, killed by a wererat.
 The Gnomish Mines:
    Level 3:


Vanquished creatures:
  a water elemental
  a leprechaun
  a housecat
  7 fog clouds
  a shrieker
  a gnome leader
  2 floating eyes
  2 dwarves
  a centipede
  a wererat
  2 iguanas
 an acid blob
  a coyote
  a hobbit
  a yellow mold
  a green mold
 10 gnomes
  8 garter snakes
  3 geckos
  4 jackals
  a fox
  a kobold
  4 goblins
  8 sewer rats
  2 grid bugs
  a lichen
  2 kobold zombies
  5 newts
74 creatures vanquished.

No species were genocided or became extinct.

Game over:
                       ----------
                      /          \
                     /    REST    \
                    /      IN      \
                   /     PEACE      \
                  /                  \
                  |     Eymerich     |
                  |      386 Au      |
                  |   killed by a    |
                  |   straw golem    |
                  |                  |
                  |                  |
                  |       2026       |
                 *|     *  *  *      | *
        _________)/\\_//(\/(/\)/\//\/|_)_______

Goodbye Eymerich the Priest...

You died in The Dungeons of Doom on dungeon level 5 with 1822 points,
and 386 pieces of gold, after 3452 moves.
You were level 5 with a maximum of 39 hit points when you died.

